AoeStats
← Hitokirivan

Arabia

504871693Analyzed
1v1 RM · 27d ago on Sep 6, 2026· 34m 16s· 2 players
Game mode
Random Map
Map size
Tiny (2 player)
Population
200
Speed
Normal
Resources
Standard
Victory
Conquest
Starting age
Dark Age
Ending age
Imperial Age
RankedLock teamsTeams togetherTeam positionsShared explorationLock speedFull tech treeHidden civsTurbo modeCheats
Victory
Defeat
🇵🇪 Huns · Peru
1018
+16
🇦🇷 Burgundians · Argentina
1013
-16
Invasor de pastas
7:01 Loom
9:19 Feudal Age
9:31 Double-Bit Axe
10:20 Horse Collar
18:08 Forging
22:46 Castle Age
21:45 Scale Barding Armor
22:25 Gold Mining
22:57 Cavalier
25:17 Heavy Plow
26:41 Wheelbarrow
26:48 Town Watch
27:12 Husbandry
27:31 Town Watch
29:01 Chain Barding Armor
34:22 Iron Casting
Hitokirivan
6:07 Loom
9:31 Feudal Age
10:17 Double-Bit Axe
16:42 Gold Mining
23:19 Castle Age
21:51 Gold Mining
21:55 Horse Collar
22:37 Fletching
23:02 Bloodlines
25:22 Husbandry
25:56 Bodkin Arrow
30:28 Ballistics
29:59 Pikeman
30:39 Squires
Connection lost

Rejoining the realm…

Still unreachable

The connection could not be restored.

Session expired

The server has moved on; the page needs a fresh start.